 Dungeon Crawl Stone Soup version 0.31.0-9-g3a7656b989 (webtiles) character file.

Game seed: 4425919502495920522

36737 Bnni the Hermetic (level 13, -1/92 HPs)
             Began as an Octopode Alchemist on Jan 25, 2024.
             Was an Initiate of Gozag.
             Slain by an eight-headed hydra (11 damage)
             ... on level 2 of the Lair of Beasts.
             The game lasted 00:44:10 (17250 turns).

Bnni the Hermetic (Octopode Alchemist)             Turns: 17250, Time: 00:44:11

Health: -1/92      AC: 10    Str: 13    XL:     13   Next: 92%
Magic:  13/35      EV: 21    Int: 24    God:    Gozag
Gold:   2163       SH:  7    Dex: 12    Spells: 11/30 levels left

rFire   . . .        y - +3 flail (protect)
rCold   . . .        N - +2 buckler
rNeg    + + +        T - +2 hat of Articulation {rN++ Str+4}
rPois   .            P - amulet of the acrobat
rElec   .            f - ring of resist corrosion
rCorr   +            h - ring of magical power
SInv    .            l - +5 ring of evasion
Will    .....        j - ring "Nyepho" {rN+ Int+3}
Stlth   +++          (no ring)
HPRegen 0.35/turn    (no ring)
MPRegen 0.24/turn    (no ring)
                     (no ring)

%: acrobat
@: gold aura, under a protective aura, studying Throwing
A: almost no armour, amphibious, 8 rings, camouflage 1, gelatinous body 1,
(nimble swimmer 1), tentacles
a: Renounce Religion, Potion Petition, Call Merchant, Bribe Branch


You were on level 2 of the Lair of Beasts.
You worshipped Gozag.
Gozag was most pleased with you.
You visited 3 branches of the dungeon, and saw 16 of its levels.
You also visited: Bailey.

You collected 4247 gold pieces.
You spent 579 gold pieces at shops.
You paid 1505 gold pieces to Gozag.

Inventory:

Hand Weapons
 y - a +3 flail of protection (weapon)
 F - a +1 dagger of venom
 U - a +3 trident
Missiles
 t - a throwing net
Armour
 N - a +2 buckler (worn)
 T - the +2 hat of Articulation (worn) {rN++ Str+4}
   (You acquired it on level 11 of the Dungeon)

   Str+4:     It affects your strength (+4).
   rN++:      It greatly protects you from negative energy.
Jewellery
 f - a ring of resist corrosion (left tentacle)
 h - a ring of magical power (right tentacle)
 j - the ring "Nyepho" (on tentacle) {rN+ Int+3}
   (You acquired it on level 11 of the Dungeon)

   [ring of positive energy]

   Int+3:     It affects your intelligence (+3).
   rN+:       It protects you from negative energy.
 l - a +5 ring of evasion (on tentacle)
 G - a ring of ice
 P - an amulet of the acrobat (around mantle)
Wands
 i - a wand of iceblast (5)
 p - a wand of charming (19)
 z - a wand of polymorph (8)
 D - a wand of light (4)
 I - a wand of flame (23)
 L - a wand of mindburst (11)
Scrolls
 d - 3 scrolls of revelation {unknown}
 e - 2 scrolls of enchant weapon
 g - a scroll of enchant armour
 m - a scroll of amnesia
 q - 2 scrolls of teleportation
 u - 3 scrolls of blinking
 v - a scroll of fog
 w - a scroll of brand weapon {unknown}
 A - a scroll of torment
 C - a scroll of silence
 E - 3 scrolls of immolation {unknown}
 M - a scroll of vulnerability
 R - a scroll of poison
 S - a scroll of summoning
Potions
 a - 3 potions of magic
 b - 2 potions of heal wounds
 c - 3 potions of curing
 k - 3 potions of might
 n - 3 potions of degeneration
 r - 2 potions of haste {unknown}
 s - 2 potions of enlightenment
 x - a potion of mutation
 B - 2 potions of brilliance {unknown}
 H - a potion of attraction {unknown}
 K - a potion of invisibility {unknown}
 O - a potion of lignification {unknown}
 Q - a potion of berserk rage {unknown}
Miscellaneous
 J - a phial of floods


   Skills:
 + Level 10.2 Fighting
 + Level 9.7 Dodging
 - Level 2.6 Stealth
 - Level 5.0 Shields
 + Level 9.4 Spellcasting
 + Level 6.1 Conjurations
 - Level 2.0 Fire Magic
 * Level 15.8 Alchemy


You had 11 spell levels left.
You knew the following spells:

 Your Spells              Type           Power      Damage    Failure   Level
a - Ignite Poison         Fire/Alch      52%        N/A       1%          4
c - Mephitic Cloud        Conj/Alch/Air  46%        N/A       1%          3
d - Olgreb's Toxic Radia  Alch           72%        N/A       1%          4
e - Fulminant Prism       Conj/Alch      29%        3d14      1%          4
f - Sticky Flame          Fire/Alch      52%        2d9       1%          4

Your spell library contained the following spells:

 Spells                   Type           Power      Damage    Failure   Level
 Magic Dart               Conj           100%       1d8       1%          1
 Sting                    Conj/Alch      100%       1d9       1%          1
 Cigotuvi's Dreadful Rot  Necr/Alch/Air  72%        N/A       1%          2
 Mercury Vapours          Alch/Air       98%        N/A       1%          2
 Searing Ray              Conj           82%        2d7       1%          2
 Hailstorm                Conj/Ice       26%        3d7       6%          3
 Freeze                   Ice            44%        1d6       8%          1
 Ensorcelled Hibernation  Hex/Ice        22%        N/A       11%         2
 Lesser Beckoning         Tloc           22%        N/A       11%         2
 Inner Flame              Hex/Fire       16%        N/A       14%         3
 Flame Wave               Conj/Fire      30%        2d9       14%         4
 Frozen Ramparts          Ice            22%        1d4       22%         3
 Fugue of the Fallen      Necr           11%        N/A       22%         3
 Gell's Gravitas          Tloc           11%        N/A       22%         3
 Teleport Other           Tloc           11%        N/A       22%         3
 Anguish                  Hex/Necr       5%         N/A       58%         4
 Freezing Cloud           Conj/Ice/Air   10%        6-21      65%         5


Dungeon Overview and Level Annotations

Branches:
Dungeon (13/15)            Temple (1/1) D:4            Lair (2/5) D:8
    Orc (0/2) D:9          Bailey (visited)
  Swamp: Lair:2-3    Shoals: Lair:2-3     Snake: Lair:2-3    Spider: Lair:2-3
 Vaults: D:13-14

Altars:
Ashenzari
Cheibriados
Dithmenos
Elyvilon
Fedhas
Gozag
Hepliaklqana
Kikubaaqudgha
Makhleb
Nemelex Xobeh
Okawaru
Qazlal
Ru
Sif Muna
Trog
Uskayaw
Vehumet
Wu Jian
Xom
Yredelemnul
Zin
The Shining One

Shops:
D:9 :   D:12 ?

Annotations:
D:9 1 runed translucent door


Innate Abilities, Weirdness & Mutations

You cannot wear most types of armour.
You are amphibious.
You can wear up to eight rings at the same time.
Your skin changes colour to match your surroundings (Stealth+).
Your rubbery body absorbs attacks. (AC +1, EV +1)
((You are camouflaged when in or above water. (Stealth+)))
You have tentacles for arms and can constrict up to eight enemies at once.


Message History

Casting: Sticky Flame (mildly dangerous; 1% risk of failure)
Confirm with . or Enter, or press ? or * to list all spells.
Aiming: Fulminant Prism (mildly dangerous; 1% risk of failure)
Press: ? - help, Dir - move target, p - eight-headed hydra You conjure a prism of explosive energy!
A fulminant prism comes into view.
The eight-headed hydra burns!
The eight-headed hydra bites you but does no damage.
The eight-headed hydra bites you!
You block the eight-headed hydra's attack. x2
The eight-headed hydra bites you!
* * * LOW HITPOINT WARNING * * *
The eight-headed hydra closely misses you.
The eight-headed hydra bites you.
* * * LOW HITPOINT WARNING * * *
The eight-headed hydra completely misses you.
Unknown command.
You feel much better.
The eight-headed hydra burns!
The eight-headed hydra closely misses you. x3
The eight-headed hydra misses you.
You block the eight-headed hydra's attack.
The eight-headed hydra closely misses you. x2
The eight-headed hydra barely misses you.
Your fulminant prism crackles loudly.
You thump the eight-headed hydra! You squeeze the eight-headed hydra!
The eight-headed hydra is severely wounded.
The eight-headed hydra burns!
The eight-headed hydra bites you!
The eight-headed hydra barely misses you.
The eight-headed hydra closely misses you. x3
The eight-headed hydra bites you!
* * * LOW HITPOINT WARNING * * *
You block the eight-headed hydra's attack.
The eight-headed hydra bites you!
* * * LOW HITPOINT WARNING * * *
Your fulminant prism explodes!
The blast of energy engulfs the eight-headed hydra!
The eight-headed hydra is almost dead.
The eight-headed hydra bites you!
You die...
Your body crumbles into a pile of gold.

#$$$###########
.## ##.....#
... #.$....#
.... ##$....#
#..P.#.$#.###
#..##$#####
####........#
............#
.......@....#
♣♣.....D....#
♣..........#
♣§♣....#.###
§~~♣♣....#. ~§
♣.... .. ♣....
... ♣...## ...


You could see an eight-headed hydra (burning).

Vanquished Creatures
  2 hydras
  A two-headed ogre (D:11)
  A centaur warrior (D:12)
  5 death yaks (Lair:1)
  2 boulder beetles
  An arcanist (D:12)
  A deep elf pyromancer (D:12)
  A manticore (D:12)
  A cyclops (D:12)
  Maurice (D:12)
  2 ugly things
  A black mamba (Lair:2)
  A torpor snail (Lair:2)
  2 cane toads
  2 gargoyles
  2 kobold demonologists (D:11)
  2 rime drakes
  3 komodo dragons
  6 trolls
  Grinder (D:3)
  13 blink frogs (Lair:2)
  Sigmund (D:2)
  8 slime creatures
  5 wraiths (D:9)
  41 yaks
  2 vampires
  3 basilisks
  2 wyverns
  19 fire bats (D:9)
  3 steam dragons (D:9)
  11 vampire mosquitoes
  A warg (D:8)
  Edmund (D:5)
  3 water moccasins
  3 acid dragons
  5 orc warriors
  A black bear (D:4)
  2 sky beasts (D:7)
  8 wolves
  2 ogres
  4 centaurs
  2 kobold brigands
  A phantom (D:5)
  7 bullfrogs
  3 gnoll sergeants
  A scorpion (D:6)
  7 wights
  5 killer bees
  8 vampire bats (Bailey)
  3 howler monkeys
  2 bombardier beetles (D:5)
  5 wolf zombies (Bailey)
  5 orc priests
  4 hounds
  A jelly (D:8)
  Crazy Yiuf (D:3)
  Jessica (D:3)
  2 gnoll boudas
  4 iguanas
  Natasha (D:2)
  21 orc wizards
  7 adders
  21 gnolls
  A ribbon worm (D:2)
  2 dart slugs
  46 orcs
  8 ball pythons
  85 bats
  5 endoplasms
  3 giant cockroaches
  7 goblins
  6 hobgoblins
  3 jackals (D:5)
  5 quokkas
  5 frilled lizards
  16 kobolds
  19 orc zombies (Bailey)
  5 rats
504 creatures vanquished.

Vanquished Creatures (others)
  30 fulminant prisms
30 creatures vanquished.

Grand Total: 534 creatures vanquished

Notes
Turn   | Place    | Note
-------+----------+-------------------------------------------
     0 | D:1      | Bnni the Octopode Alchemist began the quest for the Orb.
     0 | D:1      | Reached XP level 1. HP: 11/11 MP: 3/3
   128 | D:1      | Reached XP level 2. HP: 18/18 MP: 3/5
   172 | D:1      | Found a faded altar of an unknown god.
   445 | D:1      | Reached skill level 1 in Fighting
   457 | D:1      | Reached skill level 4 in Alchemy
   457 | D:1      | Reached XP level 3. HP: 18/23 MP: 3/6
  1381 | D:2      | Reached XP level 4. HP: 28/28 MP: 7/7
  1386 | D:2      | Learned a level 4 spell: Olgreb's Toxic Radiance
  1589 | D:2      | Noticed Sigmund
  1594 | D:2      | Learned a level 2 spell: Mercury Vapours
  1604 | D:2      | Killed Sigmund
  1605 | D:2      | Reached skill level 5 in Alchemy
  1605 | D:2      | Reached XP level 5. HP: 24/35 MP: 7/9
  1605 | D:2      | Reached XP level 6. HP: 28/41 MP: 7/10
  1768 | D:2      | Noticed Natasha
  1773 | D:2      | Killed Natasha
  1941 | D:3      | Noticed Jessica
  1945 | D:3      | Killed Jessica
  1969 | D:3      | Found a broken altar of Ashenzari.
  2436 | D:3      | Found an iron altar of Okawaru.
  2436 | D:3      | Noticed Grinder
  2440 | D:3      | Paralysed by Grinder for 4 turns
  2452 | D:3      | Paralysed by Grinder for 2 turns
  2455 | D:3      | Killed Grinder
  2456 | D:3      | Reached skill level 6 in Alchemy
  2456 | D:3      | Reached XP level 7. HP: 29/46 MP: 12/12
  2460 | D:3      | Learned a level 3 spell: Mephitic Cloud
  2520 | D:3      | Found a shadowy altar of Dithmenos.
  2740 | D:3      | Found a runed translucent door.
  2741 | D:3      | Noticed Crazy Yiuf
  2763 | D:3      | Killed Crazy Yiuf
  3241 | D:4      | Reached skill level 7 in Alchemy
  3297 | D:4      | Learned a level 4 spell: Sticky Flame
  3745 | D:4      | Found a staircase to the Ecumenical Temple.
  3803 | Temple   | Entered the Ecumenical Temple
  3811 | Temple   | Became a worshipper of Gozag Ym Sagoz the Greedy
  3841 | D:5      | Entered Level 5 of the Dungeon
  3858 | D:5      | Found a burning altar of Makhleb.
  3953 | D:5      | Noticed Edmund
  3976 | D:5      | Killed Edmund
  3977 | D:5      | Reached XP level 8. HP: 45/54 MP: 5/14
  4392 | D:5      | Reached skill level 1 in Fire Magic
  4509 | D:5      | Found a broken altar of Ashenzari.
  4964 | D:6      | Reached skill level 8 in Alchemy
  5368 | D:6      | Reached XP level 9. HP: 60/60 MP: 16/16
  5489 | D:6      | Reached skill level 5 in Fighting
  5489 | D:6      | Reached skill level 5 in Spellcasting
  5614 | D:7      | Reached skill level 9 in Alchemy
  6457 | D:7      | Found a glowing silver altar of Zin.
  6470 | D:7      | Reached skill level 5 in Dodging
  6541 | D:7      | Found a basalt altar of Yredelemnul.
  7001 | D:8      | Found a staircase to the Lair.
  7007 | D:8      | Reached skill level 10 in Alchemy
  7020 | D:8      | Reached XP level 10. HP: 22/68 MP: 14/18
  7911 | D:9      | Found a flagged portal.
  7920 | Bailey   | Entered a bailey
  8348 | Bailey   | Noticed a gargoyle
  8357 | Bailey   | Killed a gargoyle
  8358 | Bailey   | Reached skill level 11 in Alchemy
  9103 | D:9      | Found a hazy altar of Hepliaklqana.
  9212 | D:9      | Reached XP level 11. HP: 50/75 MP: 19/21
  9214 | D:9      | Reached skill level 12 in Alchemy
  9513 | D:9      | Found a shadowy altar of Dithmenos.
  9527 | D:9      | Found a runed translucent door.
  9552 | D:9      | Found a shimmering altar of Xom.
 10248 | D:9      | Noticed a flayed ghost
 10263 | D:9      | Found a hazy altar of Hepliaklqana.
 10281 | D:9      | Reached skill level 13 in Alchemy
 10575 | D:9      | Found a hazy altar of Hepliaklqana.
 10607 | D:9      | Found a blossoming altar of Fedhas.
 10612 | D:9      | Found a snail-covered altar of Cheibriados.
 10617 | D:9      | Found the +8 arc blade {discharge, rElec}
 10730 | D:9      | Found a staircase to the Orcish Mines.
 11039 | D:9      | Bought a book of Conjurations for 320 gold pieces
 11044 | D:9      | Learned a level 4 spell: Fulminant Prism
 11046 | D:10     | Entered Level 10 of the Dungeon
 12124 | D:10     | Reached XP level 12. HP: 61/84 MP: 15/24
 12547 | D:11     | Reached skill level 1 in Shields
 12780 | D:11     | Noticed a boulder beetle
 12801 | D:11     | Killed a boulder beetle
 13189 | D:11     | Noticed a two-headed ogre
 13197 | D:11     | Killed a two-headed ogre
 13660 | D:12     | Noticed a boulder beetle
 13667 | D:12     | Reached skill level 14 in Alchemy
 13669 | D:12     | Killed a boulder beetle
 13756 | D:12     | Noticed a centaur warrior
 13763 | D:12     | Killed a centaur warrior
 13769 | D:12     | Identified 2 scrolls of acquirement
 13774 | D:12     | Bought a scroll of noise for 14 gold pieces
 13774 | D:12     | Bought 2 scrolls of identify for 56 gold pieces
 13776 | D:12     | Bought a scroll of poison for 56 gold pieces
 13776 | D:12     | Bought a scroll of summoning for 133 gold pieces
 13916 | D:12     | Noticed Maurice
 13927 | D:12     | Killed Maurice
 14027 | D:11     | Acquired the +2 hat of Articulation {rN++ Str+4}
 14034 | D:11     | Acquired the ring "Nyepho" {rN+ Int+3}
 14181 | D:12     | Found a stormy altar of Qazlal.
 14882 | D:12     | Reached skill level 5 in Shields
 14882 | D:12     | Reached XP level 13. HP: 83/90 MP: 25/25
 15010 | D:13     | Noticed a vault guard
 15015 | D:13     | Noticed a vault guard
 15018 | D:13     | Noticed a vault guard
 15248 | Lair:1   | Entered Level 1 of the Lair of Beasts
 15446 | Lair:1   | Learned a level 4 spell: Ignite Poison
 15493 | Lair:1   | Reached skill level 5 in Conjurations
 15806 | Lair:1   | Reached skill level 15 in Alchemy
 16621 | Lair:2   | Reached skill level 10 in Fighting
 17250 | Lair:2   | Slain by an eight-headed hydra

Illustrated notes

Levels and vault maps discovered:
D:1:      mrwooster_arrival_statue_2, layout_loops_ring, basic_ecumenical_altar,
          minmay_tripent
D:2:      layout_basic, minmay_pentomino_u2, uniq_natasha, uniq_sigmund
D:3:      wad_woods_stonehenge, layout_basic, grunt_temple_overflow_open,
          uniq_grinder, uniq_crazy_yiuf_cottage, uniq_jessica
D:4:      layout_cave_pools, minmay_temple_entry_butterflies
D:5:      layout_loops_cross, old_standard_altar, bloody_makhleb, uniq_edmund
D:6:      layout_loops_ring, eino_small_chamber_without_monster
D:7:      layout_loops_ring, jmf_multi_god_temple2, amethyst_killhole,
          st_stairs_6
D:8:      layout_loops_corners, erik_lair_orcish_takeover, minivault_21,
          amcnicky_mini_pool_small, serial_bayou_crossing
D:9:      due_megacathedral, layout_stronghold, mainiacjoe_overflow_boulevard,
          david_orc_4, enter_bailey_2
D:10:     minmay_bubble_buster, layout_long_grid, lightli_orcish_oven
D:11:     layout_loops_ring
D:12:     layout_roguey, serial_rivers, chequers_serial_rivers_small_a,
          chequers_serial_rivers_marsh, chequers_serial_rivers_small_b,
          chequers_serial_rivers_small_a, nicolae_qazlal_general_emergency,
          uniq_maurice
D:13:     layout_irregular_city, erik_vaults_2, kennysheep_boxes
Temple:   bh_familiar_temple
Lair:1:   layout_regular_city, hibernation_bobbens
Lair:2:   layout_regular_city, minmay_swamp_entry_swarm,
          nicolae_snake_entry_squirm, hellmonk_talismancer, grunt_megastairs_4,
          uniq_maggie, uniq_gastronok

Skill      XL: |  1  2  3  4  5  6  7  8  9 10 11 12 13 |
---------------+----------------------------------------+-----
Fighting       | 1 2 3 4 6 7 8 9 10 | 10.2
Alchemy        | 4 5 6 7 8 10 11 13 14 15 | 15.8
Spellcasting   | 3 4 5 7 8 9 |  9.4
Dodging        | 3 5 6 7 8 9 |  9.7
Fire Magic     | 2 |  2.0
Conjurations   | 2 4 6 |  6.1
Shields        | 5 |  5.0
Stealth        | |  2.6

Action                     |  1- 3 |  4- 6 |  7- 9 | 10-12 | 13-15 || total
---------------------------+-------+-------+-------+-------+-------++-------
  Melee: Unarmed           |     6 |       |       |       |       ||     6
         Constrict         |     9 |     6 |    28 |    62 |    18 ||   123
         Tentacles         |     4 |     5 |    38 |    92 |    44 ||   183
         Dagger            |    21 |    23 |    36 |       |       ||    80
         Flail             |       |       |    81 |   354 |   119 ||   554
         Punch             |       |       |     1 |     5 |     2 ||     8
  Throw: Throwing net      |       |       |       |     2 |       ||     2
   Cast: Sting             |    44 |    26 |    50 |    28 |       ||   148
         Mercury Vapours   |       |     2 |     1 |       |       ||     3
         Olgreb's Toxic Ra |       |     5 |    33 |    86 |    29 ||   153
         Mephitic Cloud    |       |       |     4 |    10 |       ||    14
         Sticky Flame      |       |       |     7 |    35 |    13 ||    55
         Fulminant Prism   |       |       |       |    16 |    14 ||    30
         Ignite Poison     |       |       |       |       |    12 ||    12
 Invoke: Call Merchant     |       |       |       |     2 |       ||     2
    Use: Scroll            |       |       |       |    15 |     3 ||    18
         Potion            |       |       |       |     5 |     1 ||     6
   Stab: Sleeping          |     5 |     2 |     4 |     5 |     1 ||    17
         Confused          |       |       |     2 |     5 |       ||     7
         Distracted        |       |       |     2 |     1 |       ||     3
 Armour: Skin              |    18 |    11 |    41 |   225 |    70 ||   365
  Dodge: Dodged            |    43 |    21 |   119 |   473 |   160 ||   816
  Block: Buckler           |       |       |       |    50 |    57 ||   107
